 Dungeon Crawl Stone Soup version 0.26-a0-682-g294304f6e8 (webtiles) character file.

Game seed: 14875235797163786359

453 Kinoniko the Slasher (level 6, -2/52 HPs)
             Began as a Draconian Berserker on Oct 20, 2020.
             Was an Elder of Trog.
             Slain by an orc
             ... wielding a +1 antimagic trident
              (5 damage)
             ... on level 3 of the Dungeon.
             The game lasted 00:06:01 (3767 turns).

Kinoniko the Slasher (Draconian Berserker)          Turns: 3767, Time: 00:06:01

Health: -2/52      AC:  6    Str: 20    XL:     6   Next: 75%
Magic:  1/6        EV: 13    Int:  7    God:    Trog [****..]
Gold:   185        SH:  0    Dex: 12    Spells: 5/5 levels left

rFire    . . .     SeeInvis .   a - +0 falchion
rCold    + . .     Faith    +   (no shield)
rNeg     . . .     Spirit   .   (armour unavailable)
rPois    .         Reflect  .   (helmet restricted)
rElec    .         Harm     .   (no cloak)
rCorr    .         Rampage  .   (no gloves)
MR       .....                  (no boots)
Stlth    +.........             h - amulet of faith
HPRegen  0.17/turn              d - ring of protection from cold
MPRegen  0.10/turn              (no ring)

@: brilliant, berserk cooldown, flying, slowed, very slow
A: unfitting armour, cold-blooded, AC +6
a: Berserk, Trog's Hand, Brothers in Arms, Renounce Religion


You were on level 3 of the Dungeon.
You worshipped Trog.
Trog was greatly pleased with you.
You visited 1 branch of the dungeon, and saw 3 of its levels.

You collected 185 gold pieces.

Inventory:

Hand Weapons
 a - a +0 falchion (weapon)
Armour
 k - a +0 tower shield
Jewellery
 d - a ring of protection from cold (left hand)
 e - an uncursed amulet of guardian spirit
 h - an amulet of faith (around neck)
Wands
 f - a wand of enslavement (6)
Scrolls
 i - a scroll of remove curse
Potions
 b - a potion of brilliance


   Skills:
 - Level 4.0 Fighting
 * Level 7.1 Long Blades
 - Level 3.2 Dodging
 - Level 0.7 Stealth


You had 5 spell levels left.
You didn't know any spells.
Your spell library was empty.

Dungeon Overview and Level Annotations

Branches:
Dungeon (3/15)

Altars:
Kikubaaqudgha
The Shining One

Annotations:
D:3 1 runed translucent door, Crazy Yiuf, Purgy


Innate Abilities, Weirdness & Mutations

Your plain brown scales are hard. (AC +6)
You cannot fit into any form of body armour.
You are cold-blooded and may be slowed by cold attacks.


Message History

The orc hits you from afar with a +1 antimagic trident.
* * * LOW HITPOINT WARNING * * *
Purgy misses you. Purgy closely misses you. Purgy claws you but does no damage.
Purgy bites you.
* * * LOW HITPOINT WARNING * * *
Purgy closely misses you. Purgy barely misses you.
The orc hits you but does no damage.
Okay, then.
As you read the scroll labeled NIYROFAGGUA, it crumbles to dust.
You feel aware of your surroundings.
It was a scroll of magic mapping.
Purgy barely misses you. x2; Purgy claws you but does no damage.
The orc barely misses you.
The orc priest casts a cantrip, but nothing happens.
As you read the scroll labeled LAITHO QECYPI, it crumbles to dust.
It is a scroll of identify.
k - a +0 tower shield Purgy bites you but does no damage.
Purgy barely misses you. Purgy claws you.
* * * LOW HITPOINT WARNING * * *
The orc hits you from afar with a +1 antimagic trident.
You die...

..# #.##.#
..##############.##.#
.)>.................#
.###############.####
)# #.# .# #.# .# #.#
.# #.# ## #@# # #T# #
***#######o##
##*****,,......oo.#
...,,,+,,(.?.r....#
###****,,.........#
..# *,,.$hh.....# ..#
*,,.........# ..#
*,,..?......#


You could see Purgy, an orc priest and 2 orcs.

Vanquished Creatures
  A centaur (D:2)
  3 vampire bats (D:2)
  An orc priest (D:3)
  An orc wizard (D:3)
  9 adders
  A gnoll (D:1)
  A worm (D:2)
  3 dart slugs (D:1)
  3 leopard geckos
  6 orcs (D:3)
  9 bats
  6 bat skeletons (D:2)
  A bat zombie (D:2)
  3 giant cockroaches
  7 goblins
  7 hobgoblins
  9 jackals
  8 kobolds
  A quokka (D:2)
  3 ball pythons
  4 frilled lizards
  8 rats
95 creatures vanquished.

Notes
Turn   | Place    | Note
-------+----------+-------------------------------------------
     0 | D:1      | Kinoniko the Draconian Berserker began the quest for the
                  | Orb.
     0 | D:1      | Reached XP level 1. HP: 19/19 MP: 1/1
   230 | D:1      | Reached XP level 2. HP: 26/26 MP: 2/2
   681 | D:1      | Reached XP level 3. HP: 31/31 MP: 3/3
  1193 | D:2      | Reached ** piety under Trog
  1374 | D:2      | Noticed a centaur
  1537 | D:2      | Reached skill level 4 in Long Blades
  1711 | D:2      | Reached XP level 4. HP: 40/40 MP: 4/4
  1810 | D:2      | Found a glowing golden altar of the Shining One.
  2133 | D:2      | Found an ancient bone altar of Kikubaaqudgha.
  2139 | D:2      | Reached XP level 5. HP: 46/46 MP: 5/5
  2141 | D:2      | Reached skill level 5 in Long Blades
  2468 | D:2      | Killed a centaur
  2468 | D:2      | Reached skill level 6 in Long Blades
  2468 | D:2      | Reached XP level 6. HP: 52/52 MP: 6/6
  2774 | D:2      | Reached *** piety under Trog
  3601 | D:3      | Found a runed translucent door.
  3602 | D:3      | Noticed Crazy Yiuf
  3725 | D:3      | Noticed Purgy
  3747 | D:3      | Reached skill level 7 in Long Blades
  3750 | D:3      | Reached **** piety under Trog
  3764 | D:3      | HP: 2/52 [Purgy (1)]
  3767 | D:3      | Slain by an orc

Illustrated notes

Levels and vault maps discovered:
D:1:      eino_arrival_cavern_e, layout_loops_ring
D:2:      layout_loops_corners, kennysheep_vampire_church, tso_altar
D:3:      layout_basic, moated_statue, uniq_purgy, uniq_crazy_yiuf_cottage

Skill      XL: |  1  2  3  4  5  6 |
---------------+-------------------+-----
Dodging        | 3 |  3.2
Long Blades    | 4 6 7 |  7.1
Fighting       | 4 |  4.0
Stealth        | |  0.7

Action                   |  1- 3 |  4- 6 || total
-------------------------+-------+-------++-------
Melee: Falchion          |    90 |   129 ||   219
       Tailslap          |    12 |    28 ||    40
Invok: Berserk           |     5 |     9 ||    14
  Use: Scroll            |     2 |     2 ||     4
       Potion            |       |     5 ||     5
 Stab: Sleeping          |     2 |     1 ||     3
Armor: Skin              |    24 |    64 ||    88
Dodge: Dodged            |    65 |   150 ||   215
       Rpst.: Falchion   |    22 |    38 ||    60

Table legend: (Time is in decaauts)
 A = Elapsed time spent in this place.
 B = Non-inter-level travel time spent in this place.
 C = Inter-level travel time spent in this place.
 D = Time resting spent in this place.
 E = Time spent auto-exploring this place.
 F = Levels seen in this place.
 G = Mean time per level.
                   A        B        C        D        E       F      G
               +--------+--------+--------+--------+--------+-----+--------+
         Total |   3912 |   3878 |     34 |   1504 |   1654 |   3 | 1304.0 |
       Dungeon |   3912 |   3878 |     34 |   1504 |   1654 |   3 | 1304.0 |
               +--------+--------+--------+--------+--------+-----+--------+

Top non-repeatable levels by time:
     D:2: 1821 daAuts
     D:1: 1103 daAuts
     D:3: 987 daAuts
